 Dungeon Crawl Stone Soup version 0.22-a0-433-gd2a9cce (webtiles) character file.

144 galech the Skirmisher (level 5, -1/55 HPs)
             Began as an Ogre Fighter on May 28, 2018.
             Slain by an orc
             ... wielding a +0 club
              (3 damage)
             ... on level 3 of the Dungeon.
             The game lasted 00:03:58 (2791 turns).

galech the Skirmisher (Ogre Fighter)                Turns: 2791, Time: 00:03:59

Health: -1/55      AC:  3    Str: 21    XL:     5   Next: 26%
Magic:  5/5        EV:  8    Int:  9    God:
Gold:   176        SH:  8    Dex:  8    Spells: 4/4 levels left

rFire    . . .     SeeInvis .   a - +0 flail
rCold    . . .     Gourm    .   c - +0 shield
rNeg     . . .     Faith    .   b - +0 robe
rPois    .         Spirit   .   (helmet restricted)
rElec    .         Reflect  .   (no cloak)
rCorr    .         Harm     .   (gloves unavailable)
MR       .....                  (boots unavailable)
Stlth    +.........             (no amulet)
HPRegen  0.18/turn              (no ring)
MPRegen  0.09/turn              (no ring)

@: no status effects
A: large, unfitting armour, tough skin 1
a: no special abilities


You were on level 3 of the Dungeon.
You were not hungry.

You visited 1 branch of the dungeon, and saw 3 of its levels.

You collected 176 gold pieces.

Inventory:

Hand Weapons
 a - a +0 flail (weapon)
Armour
 b - a +0 robe (worn)
 c - a +0 shield (worn)
Scrolls
 i - 2 scrolls of remove curse {unknown}
 k - 3 scrolls of identify {unknown}
 m - a scroll of fog {unknown}
 n - 4 scrolls of teleportation {unknown}
 o - a scroll of blinking {unknown}
Potions
 d - a potion of might
 e - a potion of flight
 g - a potion of agility
 h - a potion of lignification
 l - a potion of haste
Comestibles
 f - 8 rations


   Skills:
 + Level 4.7 Fighting
 + Level 3.3 Maces & Flails
 + Level 3.3 Dodging
 + Level 3.3 Shields


You had 4 spell levels left.
You didn't know any spells.
Your spell library was empty.

Dungeon Overview and Level Annotations

Branches:
Dungeon (3/15)

Altars:
Gozag
Wu Jian


Innate Abilities, Weirdness & Mutations

You are too large for most types of armour.
You have tough skin. (AC +1)


Message History

You hit the ooze but do no damage. You block the orc's attack.
The ooze hits you.
* * * LOW HITPOINT WARNING * * *
You hit the ooze but do no damage. The ooze hits you but does no damage.
The orc closely misses you.
You sock the ooze!
The ooze is almost dead.
The ooze barely misses you. The orc barely misses you.
You hit the ooze but do no damage.
The ooze is almost dead.
You block the ooze's attack. The orc barely misses you.
You block the ooze's attack. You block the orc's attack.
You hit the ooze.
You kill the ooze!
The orc hits you.
* * * LOW HITPOINT WARNING * * *
You closely miss the orc. The orc hits you.
* * * LOW HITPOINT WARNING * * *
The orc hits you with a club.
You die...

#### ######## #(.
#......# #.#
#.#.#..###.####.#.
#..###......o.....
#.#.#..###o#.##.#
#.##.#.# #@#
#......# #)o......
#.###### ###.#.##$
#.# ... # #.# [..
#.## #.# ..## ....
####.#### .# ...
.... #.......# ##
#.. .... #.##.##.#
#.# ####


You could see 2 orcs.

Vanquished Creatures
  A jelly (D:3)
  Terence (D:3)
  2 adders
  2 oozes
  2 worms (D:2)
  2 dart slugs (D:2)
  2 orcs (D:3)
  5 bats
  A giant cockroach (D:3)
  7 goblins
  5 hobgoblins
  4 jackals (D:2)
  A quokka (D:2)
  3 frilled lizards
  8 kobolds
  A quokka skeleton (D:2)
  5 rats
52 creatures vanquished.

Notes
Turn   | Place    | Note
-------+----------+-------------------------------------------
     0 | D:1      | galech the Ogre Fighter began the quest for the Orb.
     0 | D:1      | Reached XP level 1. HP: 24/24 MP: 1/1
   201 | D:1      | Reached XP level 2. HP: 32/32 MP: 2/2
   885 | D:2      | Reached XP level 3. HP: 26/40 MP: 3/3
  1742 | D:2      | Found an opulent altar of Gozag.
  1930 | D:2      | Found a faded altar of an unknown god.
  1952 | D:2      | Reached XP level 4. HP: 37/49 MP: 4/4
  2150 | D:3      | Noticed Terence
  2169 | D:3      | Killed Terence
  2421 | D:3      | Found an ornate altar of the Wu Jian Council.
  2768 | D:3      | Reached XP level 5. HP: 36/55 MP: 5/5
  2791 | D:3      | HP: 2/55 [orc (3)]
  2791 | D:3      | Slain by an orc

Vault maps used:
D:1:      elethiomel_arrival_infinity_welcomes_careful_drivers
D:2:      grunt_gozag_statues, chequers_ecumenical_altar_twisty, first_ration
D:3:      makhleb_altar_promises_db, lemuel_round_altar, serial_bayou_crossing,
          uniq_terence, uniq_grinder

Skill      XL: |  1  2  3  4 |
---------------+-------------+-----
Maces & Flails | 2 3 |  3.3
Dodging        | 3 |  3.3
Shields        | 3 |  3.3
Fighting       | |  4.7

Action                   |  1- 3 |  4- 6 || total
-------------------------+-------+-------++-------
Melee: Flail             |   140 |    71 ||   211
  Use: Potion            |       |     5 ||     5
  Eat: Chunk             |     3 |     3 ||     6
Armor: Robe              |    35 |    13 ||    48
       Skin              |       |     2 ||     2
Dodge: Dodged            |    58 |    20 ||    78
Block: Shield            |    78 |    32 ||   110

Table legend:
 A = Spawn XP
 B = Non-spawn XP
 C = Spawn XP percentage of total XP
 D = Spawn monster count
 E = Non-spawn monster count
 F = Spawn count percentage of total count
 G = Total turns spent on level
                    A         B        C        D         E        F      G
               +---------+---------+-------+---------+---------+-------+---------
         Total |       0 |     206 |   0.0 |       0 |      52 |   0.0 |  2791
               +---------+---------+-------+---------+---------+-------+---------
           D:1 |       0 |      28 |   0.0 |       0 |      14 |   0.0 |   810
           D:2 |       0 |      65 |   0.0 |       0 |      25 |   0.0 |  1340
           D:3 |       0 |     113 |   0.0 |       0 |      13 |   0.0 |   641
               +---------+---------+-------+---------+---------+-------+---------
